 Dungeon Crawl Stone Soup version 0.18-a0-1595-g0d04c30 (webtiles) character file.

1111 Eldritch the Sneak (level 8, -3/52 HPs)
             Began as an Octopode Artificer on Mar 20, 2016.
             Was a Believer of Pakellas.
             Killed by divine providence
             ... invoked by an orc priest
              (11 damage)
             ... on level 5 of the Dungeon.
             The game lasted 00:10:41 (5538 turns).

Eldritch the Sneak (Octopode Artificer)             Turns: 5538, Time: 00:10:42

Health: -3/52      AC:  6    Str: 13    XL:     8   Next: 33%
Magic:  11/11      EV: 15    Int: 14    God:    Pakellas [**....]
Gold:   190        SH:  0    Dex: 12    Spells: 0 memorised, 7 levels left

rFire  . . .     SeeInvis +     q - +3 dagger (protect)
rCold  . . .     Gourm    .     (no shield)
rNeg   . . .     Faith    .     (helmet restricted)
rPois  .         Spirit   .     (no amulet)
rElec  .         Dismiss  .     g - ring of wizardry
rCorr  .         Reflect  .     (no ring)
SustAt .         Harm     .     (no ring)
MR     .....                    (no ring)
Stlth  +++++.....               (no ring)
                                (no ring)
                                (no ring)
                                (no ring)

@: exhausted, not resistant to hostile enchantments, quite stealthy
A: almost no armour, amphibious, 8 rings, constrict 8, tentacle spike 1,
camouflage 1, see invisible, gelatinous body 1
a: Quick Charge, Renounce Religion


You were on level 5 of the Dungeon.
You worshipped Pakellas.
Pakellas was pleased with you.
You were hungry.

You visited 1 branch of the dungeon, and saw 5 of its levels.

You collected 190 gold pieces.

Inventory:

Hand Weapons
 a - a +0 short sword
 q - a +3 dagger of protection (weapon)
Jewellery
 g - a ring of wizardry (left tentacle)
Wands
 b - a wand of flame (0/48)
 c - a wand of enslavement (5/24)
 d - a wand of random effects (8/48)
 t - a wand of polymorph (17/24)
 z - a wand of iceblast (7/15)
Scrolls
 h - 2 scrolls of remove curse
 k - a scroll of blinking
 l - 5 scrolls of identify
 n - a scroll of fear
 y - a scroll of teleportation
Potions
 o - 2 potions of brilliance
 r - a potion of haste {unknown}
 u - a potion of agility {unknown}
 w - a potion of curing
 x - a potion of lignification
Books
 e - a book of Maledictions

   Spells                             Type                      Level
   a - Corona                         Hexes                        1
   b - Ensorcelled Hibernation        Hexes/Ice                    2
   c - Confuse                        Hexes                        3
   d - Tukima's Dance                 Hexes                        3
   e - Dazzling Spray                 Conjuration/Hexes            3
Comestibles
 f - 2 bread rations
 j - a meat ration
 s - 2 fruits


   Skills:
 + Level 3.3 Fighting
 + Level 3.5 Short Blades
 + Level 6.1 Dodging
 + Level 7.1 Stealth
 + Level 4.5 Evocations


You had 7 spell levels left.
You didn't know any spells.

Dungeon Overview and Level Annotations

Branches:
Dungeon (5/15)
 Temple: D:4-7

Altars:
Ashenzari
Gozag
Nemelex Xobeh
Pakellas
Trog

Shops:
D:4 }


Innate Abilities, Weirdness & Mutations

You cannot wear most types of armour.
You are amphibious.
You can wear up to eight rings at the same time.
You can use your tentacles to constrict eight enemies at once.
Your skin changes colour to match your surroundings (Stealth).
Your rubbery body absorbs attacks (AC +1).
One of your tentacles bears a spike.
You have supernaturally acute eyesight.


Message History

You feel magically purged.
You feel yourself speed up.
Your orc hits the orc but does no damage.
The orc misses you.
The orc priest hits you but does no damage.
Your orc hits the orc with an enchanted short sword.
Evoke which item? (* to show all) (? for menu, Esc to quit)
Zapping:
c - a wand of enslavement (6/24)
Press: ? - help, Shift-Dir - straight line, f - orc priest
Aim: an orc priest, wielding a short sword and wearing a scale mail (chance to defeat MR: 55%)
The orc priest resists with significant effort.
This wand has 5 charges left.
The orc misses you. The orc priest barely misses you.
Your orc hits the orc with an enchanted short sword.
The orc dies!
Pakellas accepts your kill.
The orc priest invokes the aid of Beogh against you.
Beogh smites you!
You die...
Pakellas says: Time to find a new assistant...

.......>......##
..............# #
.........)....##
.#
...............#
#.#
#.........##...##
#..#
......########..##
#...# ......#
#...####....# ...
##...#(.).# #.
#.@(o.)###
##..)o## ##...#
#####


You could see an orc priest and a friendly orc (unaware).

Vanquished Creatures
  Sigmund (D:3)
  Eustachio (D:4)
  A phantom (D:4)
  A scorpion (D:5)
  A centaur skeleton (D:5)
  A giant frog skeleton (D:5)
  A hound (D:4)
  3 orc priests
  Crazy Yiuf (D:4)
  An iguana (D:5)
  4 orc wizards
  Terence (D:3)
  3 worker ants (D:4)
  A worker ant zombie (D:3)
  2 gnolls (D:4)
  9 adders
  A shadow imp (D:4)
  An ooze (D:4)
  An adder zombie (D:5)
  A worm (D:3)
  2 dart slugs
  4 giant geckos
  12 orcs
  5 bats
  6 giant cockroaches
  5 goblins
  5 hobgoblins
  18 jackals
  A quokka (D:5)
  2 ball pythons
  A giant gecko skeleton (D:4)
  6 giant newts
  8 kobolds
  A quokka skeleton (D:4)
  14 rats
126 creatures vanquished.

Vanquished Creatures (collateral kills)
  A gnoll (D:4)
  An orc (D:5)
2 creatures vanquished.

Vanquished Creatures (others)
  A gnoll (D:4)
  A bat (D:2)
  A kobold (D:2)
3 creatures vanquished.

Grand Total: 131 creatures vanquished

Notes
Turn   | Place    | Note
--------------------------------------------------------------
     0 | D:1      | Eldritch the Octopode Artificer began the quest for the Orb.
     0 | D:1      | Reached XP level 1. HP: 13/13 MP: 3/3
   170 | D:1      | Reached XP level 2. HP: 18/18 MP: 4/4
   757 | D:2      | Reached skill level 2 in Stealth
   762 | D:2      | Reached XP level 3. HP: 15/23 MP: 4/6
  1502 | D:2      | Reached XP level 4. HP: 25/28 MP: 7/7
  2461 | D:2      | Identified a scroll of acquirement
  2679 | D:3      | Noticed Terence
  2683 | D:3      | Killed Terence
  2683 | D:3      | Reached skill level 3 in Stealth
  2683 | D:3      | Reached XP level 5. HP: 22/34 MP: 8/8
  2790 | D:3      | Noticed Sigmund
  2793 | D:3      | Killed Sigmund
  2793 | D:3      | Reached skill level 4 in Stealth
  2793 | D:3      | Reached XP level 6. HP: 17/41 MP: 9/9
  3075 | D:3      | Found a shattered altar of Ashenzari.
  3398 | D:3      | Found an oddly glowing altar of Pakellas.
  3463 | D:3      | Became a worshipper of Pakellas the Inventive
  3748 | D:4      | Found Hyarghox's Gadget Emporium.
  3776 | D:4      | Found an opulent altar of Gozag.
  3776 | D:4      | Found a sparkling altar of Nemelex Xobeh.
  3940 | D:4      | Noticed a phantom
  3997 | D:4      | Reached skill level 5 in Stealth
  3997 | D:4      | Reached XP level 7. HP: 21/45 MP: 10/10
  4347 | D:4      | Gained mutation: One of your tentacles bears a spike. [potion of mutation]
  4347 | D:4      | Gained mutation: You have supernaturally acute eyesight. [potion of mutation]
  4402 | D:4      | Noticed Crazy Yiuf
  4408 | D:4      | Killed Crazy Yiuf
  4408 | D:4      | Reached skill level 5 in Dodging
  4432 | D:4      | Reached * piety under Pakellas
  4532 | D:4      | Found a bloodstained altar of Trog.
  4620 | D:4      | Reached skill level 6 in Stealth
  4903 | D:4      | Noticed Eustachio
  4920 | D:4      | Killed Eustachio
  4920 | D:4      | Reached XP level 8. HP: 50/52 MP: 11/11
  4963 | D:5      | Entered Level 5 of the Dungeon
  5266 | D:5      | Reached skill level 7 in Stealth
  5490 | D:5      | Reached ** piety under Pakellas
  5490 | D:5      | Received a gift from Pakellas
  5530 | D:5      | HP: 3/78 [orc priest/divine providence (12)]
  5538 | D:5      | Killed from afar by an orc priest

Vault maps used:
D:1:      enne_arrival_octagon_isle
D:2:      forest_paths
D:3:      evilmike_ruin_ashenzari, grunt_pakellas_basics, uniq_terence,
          uniq_sigmund
D:4:      grunt_temple_overflow_opulence, lightli_temple_of_fire, serial_shops,
          nicolae_shop_stone, minmay_box_of_dots, uniq_eustachio,
          uniq_crazy_yiuf_cottage
D:5:      minmay_temple_entry_trees, first_bread, cheibriados_altar_1

Skill      XL: |  1  2  3  4  5  6  7  8 |
---------------+-------------------------+-----
Stealth        | 2 3 4 5 6 7 |  7.1
Evocations     | 4 |  4.5
Dodging        | 3 4 5 6 |  6.1
Fighting       | 2 3 |  3.3
Short Blades   | 2 3 |  3.5

Action                   |  1- 3 |  4- 6 |  7- 9 || total
-------------------------+-------+-------+-------++-------
Melee: Short sword       |    55 |    63 |       ||   118
       Dagger            |       |    56 |   110 ||   166
Evoke: Wand              |     8 |    14 |    10 ||    32
  Use: Scroll            |       |     7 |     3 ||    10
       Potion            |       |     4 |    13 ||    17
 Stab: Sleeping          |    12 |    14 |     7 ||    33
  Eat: Fruit             |     2 |       |       ||     2
       Bread ration      |       |     2 |     1 ||     3
       Pizza             |       |       |     1 ||     1
